Map: Oxide LE

Players

Pumba - Winner!

  • Race: Zerg Zerg
  • League: Master
  • Spawn Location: 7:00

Loki

  • Race: Zerg Zerg
  • League: Master
  • Spawn Location: 1:00

VOD

Have the link to the VOD?

Description

Time

  • Played on: Sept. 14, 2021, 6:54 p.m.
  • Length: 19:01
Show
View Real Time Build Order
Export as new Build Order

Pumba Zerg - Winner!

Build Orders: Hatch First 

Get SALT Encoding   

  12  0:00  Drone  
  13  0:12  Overlord  
  13  0:17  Drone  
  14  0:30  Drone  
  14  0:31  Drone  
  16  0:47  Hatchery  
  15  0:51  Drone  
  15  0:54  Drone  
  17  0:57  Drone  
  18  1:08  Extractor  
  17  1:12  Spawning Pool  
  17  1:16  Drone  
  17  1:19  Drone  
  18  1:30  Drone  
  19  1:42  Overlord  
  19  1:59  Queen  
  19  2:00  Queen  
  19  2:01  Zergling x6  
  26  2:13  Drone x2  
  28  2:23  Drone x2  
  28  2:39  Queen  
  28  2:40  Drone x2  
  32  2:44  Overlord  
  32  2:46  Overlord  
  32  2:53  Spine Crawler  
  32  2:58  Drone x2  
  32  3:11  Evolution Chamber  
  31  3:13  Drone x3  
  31  3:14  Drone x2, Roach Warren  
  31  3:18  Drone x2  
  37  3:29  Evolution Chamber  
  36  3:38  Lair  
  36  3:39  Zerg Missile Weapons Level 1  
  36  3:40  Drone x2  
  38  3:42  Extractor x2  
  38  3:43  Drone x2  
  38  3:47  Drone x2  
  40  3:49  Drone  
  40  3:50  Drone  
  40  3:53  Drone  
  43  3:56  Overlord  
  43  4:01  Drone x2  
  45  4:08  Drone  
  46  4:18  Drone x3, Extractor  
  46  4:19  Drone  
  46  4:21  Drone x2  
  51  4:25  Overlord  
  51  4:26  Overlord  
  51  4:31  Roach x2  
  55  4:39  Roach x2  
  55  4:43  Queen  
  61  4:45  Overseer  
  61  4:48  Roach  
  61  4:49  Roach x3  
  69  5:01  Overlord  
  69  5:03  Extractor  
  68  5:18  Glial Reconstitution  
  68  5:19  Overlord  
  68  5:25  Drone x2  
  68  5:26  Infestation Pit, Drone x2  
  71  5:30  Roach x2  
  71  5:33  Hatchery  
  74  5:39  Overseer  
  74  5:50  Zerg Ground Armor Level 1  
  74  5:59  Roach x5  
  84  6:08  Pathogen Glands  
  84  6:10  Overlord  
  84  6:15  Overlord x4  
  85  6:32  Drone  
  85  6:33  Drone  
  86  6:44  Extractor  
  86  6:46  Infestor x3  
  86  6:47  Infestor x2, Extractor  
  86  6:49  Drone x2  
  86  6:50  Drone x3  
  99  6:55  Drone  
  100  7:13  Roach x9  
  118  7:23  Overlord x2  
  118  7:39  Overlord x4  
  118  7:41  Roach x4  
  126  7:47  Zerg Missile Weapons Level 2  
  126  7:52  Drone x7  
  126  7:55  Drone  
  126  7:56  Drone  
  135  8:13  Infestor x2  
  135  8:14  Hydralisk Den  
  135  8:15  Roach x5  
  148  8:27  Roach x4  
  148  8:28  Roach x3  
  148  8:32  Pneumatized Carapace  
  148  8:33  Overseer  
  162  8:44  Roach x6  
  162  8:45  Roach x2  
  156  9:12  Roach x9  
  174  9:18  Hatchery  
  173  9:28  Extractor  
  170  9:31  Extractor  
  159  9:40  Roach x2  
  159  9:41  Roach x7  
  141  9:54  Roach x11  
  163  10:03  Zerg Ground Armor Level 2  
  163  10:09  Overlord x3  
  163  10:35  Drone  
  163  10:36  Drone x3  
  163  10:37  Drone x2  
  169  10:47  Roach x8  
  183  10:58  Lurker Den  
  183  10:59  Hive  
  183  11:00  Roach x9  
  200  11:05  Overlord x2  
  180  12:13  Roach x10  
  138  12:24  Roach x8  
  138  12:26  Roach x3  
  138  12:27  Roach x2  
  128  12:38  Roach x4  
  136  12:45  Ravager  
  136  12:46  Ravager x9  
  136  12:50  Roach  
  136  12:51  Roach x3  
  154  12:52  Seismic Spines  
  154  12:55  Hatchery  
  153  13:05  Overlord x2  
  153  13:09  Roach  
  153  13:10  Roach x9  
  173  13:19  Roach x6  
  185  13:23  Zerg Missile Weapons Level 3  
  173  13:43  Roach x10  
  193  13:49  Adaptive Talons  
  193  14:02  Roach x3  
  199  14:21  Overlord x2  
  191  14:27  Roach x2  
  191  14:28  Roach x8  
  197  15:27  Hydralisk x2  
  189  15:39  Roach x3  
  189  15:40  Roach x4  
  191  15:52  Roach x5  
  191  15:57  Hydralisk x2, Roach x3  
  192  16:08  Spine Crawler  
  192  16:09  Drone x2  
  192  16:10  Spine Crawler x2  
  189  16:12  Spine Crawler x2  
  189  16:15  Drone x4  
  189  16:16  Spore Crawler  
  189  16:17  Spine Crawler  
  189  16:21  Hydralisk x5  
  199  16:32  Overseer x2  
  196  16:33  Drone, Roach  
  196  16:34  Spine Crawler  
  196  16:35  Hatchery, Spine Crawler  
  196  16:36  Drone x6  
  194  17:02  Lurker x3  
  194  17:03  Lurker x3  
  194  17:07  Overseer  
  142  18:56  Hatchery  
  142  18:58  Extractor  
  142  19:00  Extractor  
Show
View Real Time Build Order
Export as new Build Order

Loki Zerg 

Build Orders: Pool First 

Get SALT Encoding   

  12  0:00  Drone  
  13  0:13  Overlord  
  13  0:17  Drone  
  14  0:32  Drone x2  
  16  0:41  Spawning Pool  
  15  0:44  Drone  
  15  0:49  Drone  
  17  1:04  Drone  
  18  1:12  Hatchery  
  17  1:19  Extractor  
  16  1:29  Zergling x6  
  16  1:32  Queen  
  21  1:43  Overlord  
  21  1:50  Drone  
  22  2:02  Drone  
  22  2:08  Queen  
  25  2:12  Drone  
  26  2:29  Drone x2  
  27  2:35  Queen  
  27  2:36  Metabolic Boost  
  27  2:38  Zergling x4  
  29  2:48  Zergling x4  
  29  2:50  Overlord  
  31  2:57  Baneling Nest  
  29  3:06  Drone x4  
  33  3:22  Drone x5  
  38  3:29  Zergling x6  
  41  3:39  Zergling x4  
  43  3:48  Hatchery  
  43  3:53  Baneling x2  
  42  4:03  Drone  
  42  4:04  Overlord  
  43  4:14  Roach Warren, Evolution Chamber  
  41  4:17  Drone x2  
  41  4:19  Lair  
  41  4:21  Extractor  
  42  4:27  Drone x4  
  42  4:29  Drone  
  47  4:34  Drone x3  
  47  4:38  Overlord  
  51  4:39  Evolution Chamber  
  51  4:40  Zerg Ground Armor Level 1  
  50  4:49  Overlord  
  50  4:50  Extractor  
  49  4:56  Drone x3  
  49  4:58  Drone x3  
  54  5:00  Drone x2  
  54  5:05  Overlord  
  56  5:08  Zerg Missile Weapons Level 1  
  56  5:21  Drone x3, Extractor  
  58  5:22  Overlord  
  58  5:27  Roach x4  
  66  5:32  Overseer  
  65  5:36  Roach x2  
  69  5:47  Drone  
  69  5:48  Glial Reconstitution, Drone x2  
  72  5:59  Overlord  
  72  6:00  Overlord x2  
  72  6:03  Hatchery  
  71  6:12  Roach x2  
  75  6:20  Roach x5  
  85  6:28  Roach  
  87  6:36  Roach  
  87  6:37  Roach  
  87  6:38  Zerg Ground Armor Level 2  
  87  6:39  Overlord x2  
  91  6:53  Overlord x4  
  91  7:00  Pneumatized Carapace  
  91  7:01  Overseer  
  89  7:04  Spine Crawler  
  89  7:05  Drone  
  89  7:06  Drone  
  89  7:08  Overseer  
  88  7:12  Drone x4  
  92  7:21  Drone x5  
  97  7:28  Ravager x4  
  101  7:30  Ravager  
  101  7:36  Zerg Missile Weapons Level 2  
  102  7:42  Roach  
  102  7:43  Roach  
  106  7:46  Extractor  
  106  7:50  Overlord x3  
  105  7:52  Drone x3  
  108  7:59  Roach x3  
  108  8:03  Roach x3  
  120  8:07  Roach x3  
  125  8:16  Roach x5  
  135  8:23  Overlord  
  135  8:25  Roach x3  
  141  8:34  Roach x5  
  151  8:40  Overlord  
  151  8:47  Roach x2  
  154  8:51  Roach x4  
  156  8:58  Roach x5  
  143  9:05  Roach x4  
  143  9:08  Roach x2  
  118  9:17  Roach  
  118  9:19  Roach x4  
  118  9:23  Roach x4  
  133  9:28  Ravager  
  132  9:34  Roach  
  132  9:35  Roach x4  
  138  9:42  Roach  
  138  9:43  Roach  
  122  9:46  Roach  
  122  9:50  Roach  
  122  9:51  Roach x2  
  120  9:56  Roach x2  
  120  9:58  Extractor  
  123  10:02  Roach  
  123  10:03  Roach x3  
  123  10:04  Queen x2  
  135  10:09  Roach  
  135  10:10  Roach  
  135  10:12  Ravager  
  135  10:13  Ravager  
  141  10:15  Ravager  
  141  10:19  Roach x2  
  146  10:27  Roach  
  146  10:28  Roach x4  
  156  10:30  Overlord x2  
  156  10:33  Overseer  
  156  10:34  Spine Crawler  
  155  10:40  Roach x3  
  161  10:48  Roach x4  
  169  10:52  Ravager x2  
  169  10:56  Roach x4  
  179  11:09  Roach x6  
  194  11:18  Ravager x3  
  190  11:40  Hatchery  
  190  11:44  Roach x5  
  199  11:56  Hydralisk Den, Roach Warren  
  199  11:57  Roach  
  171  12:20  Burrow  
  105  12:35  Grooved Spines  
  105  12:36  Roach x19  
  143  12:45  Queen  
  143  12:47  Ravager  
  143  12:48  Ravager x2  
  148  12:53  Extractor  
  148  12:54  Extractor  
  148  12:58  Infestation Pit, Drone  
  145  12:59  Drone x2  
  145  13:00  Drone x2  
  145  13:02  Roach x3  
  145  13:04  Ravager x3  
  159  13:07  Roach x2  
  163  13:13  Roach x4  
  163  13:17  Ravager  
  169  13:26  Roach x5  
  166  13:42  Roach x6  
  166  13:47  Muscular Augments  
  178  13:52  Hive  
  178  13:54  Lurker Den  
  177  14:01  Roach  
  177  14:02  Roach x3  
  185  14:07  Ravager x4  
  187  14:26  Hydralisk x2  
  191  14:35  Overlord  
  191  14:36  Spore Crawler, Overlord  
  191  14:37  Overlord  
  190  14:48  Overlord  
  190  14:59  Lurker x2  
  190  15:00  Hydralisk x6  
  191  15:15  Roach x9  
  191  15:21  Seismic Spines  
  167  15:29  Lurker  
  167  15:31  Lurker  
  161  15:35  Hydralisk x4  
  159  15:50  Drone x3  
  159  15:56  Drone  
  162  16:08  Roach x4  
  162  16:10  Drone x2  
  156  16:16  Lurker  
  156  16:18  Adaptive Talons  
  151  16:40  Hydralisk x2  
  151  16:41  Hydralisk  
  151  16:45  Roach x16  
  151  16:46  Roach x13  
  135  17:01  Hydralisk  
  135  17:02  Hydralisk x6  
  149  17:15  Ravager x5  
  86  17:54  Roach x6  
Tags
 
Add a new tag
Caveats
  • Supply blocks, unpowered buildings, or Contaminate may cause inaccurate times.
  • Supply counts are checked every 10 seconds.